cohdb
Replays
Latest Replays
All Replays
Popular Replays
Top Player Replays
Match Explorer
How It Works
Community
CoH3 Stats
Reddit
Sign in to upload your games and track your stats! →
Sign in with Steam
Match 41281276
Unlisted
Match 41281276
Overview
Messages
Build Orders
End
Construct Barracks
Selects Heavy Weapons
Scout Squad
1⁄4-ton 4x4 Truck
Riflemen Squad
Riflemen Squad
Riflemen Squad
Infantry Support Center
Construct Medical Station
Construct Weapon Support Center
Selects Assault Carriers
Selects Exchangeable Parts
M3 Assault Carrier
Grenade Package
M1918 Browning Automatic Rifles
Engineer Squad
Construct Tank Depot
M4A1 Sherman Medium Tank
Selects Towed M5 3-inch Anti-tank Gun
Towed M5 3-inch Anti-tank Gun
Selects M2HB .50cal Heavy Machine Gun
Demolitions Package
M1919 Machine Gun Team
Selects Rapid Reposition
M4A1 Sherman Medium Tank
Survival Training
Selects Bolstered Team Weapons
Orangepest
从心之果断逃跑之坚决
0
0
Comments
sign in to comment!
No comments posted yet!